 Dungeon Crawl Stone Soup version 0.30-a0-358-g0d69a1922f (webtiles) character file.

Game seed: 10241932581012969170

64362 night the Brawler (level 14, -19/144 (146) HPs)
             Began as a Troll Fighter on Nov 10, 2022.
             Was the Champion of Wu Jian.
             Demolished by an orc warrior
             ... wielding a +0 scimitar of holy wrath
              (26 damage)
             ... on level 2 of the Orcish Mines.
             The game lasted 01:05:02 (16339 turns).

night the Brawler (Troll Fighter)                  Turns: 16339, Time: 01:05:02

HP:   -19/144 (146) AC:  8    Str: 26    XL:     14   Next: 71%
MP:   10/10         EV: 13    Int: 11    God:    Wu Jian [******]
Gold: 2496          SH:  0    Dex: 13    Spells: 13/13 levels left

rFire   . . .      SeeInvis .      - Unarmed
rCold   . . .      Faith    .    e - +3 kite shield "Omonegor" {rElec}
rNeg    . . .      Spirit   .    i - +0 troll leather armour
rPois   +          Reflect  +    G - +1 hat
rElec   +          Harm     .    o - +0 cloak
rCorr   .          Rampage  .    (gloves unavailable)
Will    ++...                    (boots unavailable)
Stlth   +.........               C - amulet "Yleisyg" {Reflect Int-3 Dex+5 SH+5}
HPRegen 2.04/turn                p - ring of Light {Fly Will+ Int+2}
MPRegen 0.12/turn                u - +4 ring of evasion

@: confused, ambrosia-drunk, flying, hasted, lightly drained, very quick
A: large, unfitting armour, claws 3, regeneration 1, shaggy fur 1, tough skin 1,
clever 1, low MP 2, poison resistance
a: Renounce Religion, Wall Jump, Serpent's Lash, Heavenly Storm


You were on level 2 of the Orcish Mines.
You worshipped Wu Jian.
Wu Jian was exalted by your worship.
You visited 4 branches of the dungeon, and saw 21 of its levels.
You also visited: Ossuary and Volcano.

You collected 2496 gold pieces.

Inventory:

Hand Weapons
 v - a +2 demon blade of flaming
Missiles
 b - 5 javelins (quivered)
 q - 10 large rocks
 s - 29 poisoned darts
 F - 8 curare-tipped darts
 R - 12 boomerangs
Armour
 e - the +3 kite shield "Omonegor" (worn) {rElec}
   (You acquired it on level 4 of the Dungeon)

   rElec:     It insulates you from electricity.
 i - a +0 troll leather armour (worn)
 n - a +2 robe
 o - a +0 cloak (worn)
 G - a +1 hat (worn)
 O - a +1 robe of willpower
 S - +0 steam dragon scales
Jewellery
 a - the ring of the Visionary {Fire rN++ Will+ MP+9 Str-3}
   (You found it on level 5 of the Dungeon)

   [ring of fire]

   It enhances your fire magic.
   Str:       It affects your strength (-3).
   rF:        It protects you from fire.
   rC:        It makes you vulnerable to cold.
   rN:        It greatly protects you from negative energy.
   MP:        It affects your magic capacity (+9).
   Will:      It increases your willpower.
 d - the ring "Xeosoh" {MP+9 Str+3}
   (You found it on level 5 of the Lair of Beasts)

   [ring of magical power]

   Str:       It affects your strength (+3).
   MP:        It affects your magic capacity (+9).
 f - a +6 ring of strength
 p - the ring of Light (left claw) {Fly Will+ Int+2}
   (You found it on level 2 of the Dungeon)

   [ring of flight]

   Int:       It affects your intelligence (+2).
   Fly:       It grants you flight.
   Will:      It increases your willpower.
 u - a +4 ring of evasion (right claw)
 C - the amulet "Yleisyg" (around neck) {Reflect Int-3 Dex+5 SH+5}
   (You acquired it on level 4 of the Dungeon)

   [amulet of reflection]

   It reflects blocked missile attacks.
   Int:       It affects your intelligence (-3).
   Dex:       It affects your dexterity (+5).
   SH:        It affects your SH (+5).
 E - a ring of fire
 K - a ring of protection from cold
 Y - an amulet of the acrobat
Wands
 c - a wand of digging (4)
 g - a wand of iceblast (2)
 A - a wand of mindburst (6)
 N - a wand of quicksilver (17)
 T - a wand of flame (21)
 V - a wand of paralysis (10)
Scrolls
 j - 3 scrolls of butterflies
 x - 6 scrolls of amnesia
 y - 4 scrolls of enchant weapon
 D - 2 scrolls of fear
 I - 6 scrolls of enchant armour
 J - 2 scrolls of magic mapping
 L - 4 scrolls of blinking
 W - 2 scrolls of summoning
 Z - a scroll of teleportation
Potions
 k - 2 potions of resistance
 l - 2 potions of magic
 m - 2 potions of heal wounds
 r - 8 potions of lignification
 t - 2 potions of invisibility
 w - 5 potions of brilliance
 z - 2 potions of curing
 Q - a potion of haste
 U - 3 potions of might
 X - a potion of berserk rage
Miscellaneous
 h - a phial of floods
 P - a box of beasts


   Skills:
 + Level 11.6 Fighting
 - Level 2.4 Dodging
 + Level 12.6 Shields
 * Level 18.5 Unarmed Combat


You had 13 spell levels left.
You didn't know any spells.
Your spell library contained the following spells:

 Spells                   Type           Power      Damage    Failure   Level
 Apportation              Tloc           0%         N/A       56%         1
 Sandblast                Erth           0%         2d4       56%         1
 Slow                     Hex            0%         N/A       56%         1
 Sting                    Tmut/Pois      0%         1d3       56%         1
 Blink                    Tloc           0%         N/A       71%         2
 Momentum Strike          Conj/Tloc      0%         3d8       71%         2
 Passwall                 Tmut/Erth      0%         N/A       71%         2
 Poisonous Vapours        Pois/Air       0%         N/A       71%         2
 Scorch                   Fire           0%         2d5       71%         2
 Static Discharge         Conj/Air       0%         2-2/arc   71%         2
 Call Canine Familiar     Summ           0%         N/A       90%         3
 Confusing Touch          Hex            0%         N/A       90%         3
 Dazzling Flash           Conj/Hex       0%         N/A       90%         3
 Gell's Gravitas          Tloc           0%         N/A       90%         3
 Ignite Poison            Fire/Tmut/Pois 0%         N/A       90%         3
 Lesser Beckoning         Tloc           0%         N/A       90%         3
 Portal Projectile        Hex/Tloc       0%         N/A       90%         3
 Stone Arrow              Conj/Erth      0%         3d7       90%         3
 Teleport Other           Tloc           0%         N/A       90%         3
 Vampiric Draining        Necr           0%         2d6       90%         3
 Vhi's Electric Charge    Tloc/Air       0%         N/A       90%         3
 Flame Wave               Conj/Fire      0%         2d4       100%        4
 Leda's Liquefaction      Hex/Erth       0%         N/A       100%        4
 Olgreb's Toxic Radiance  Pois           0%         N/A       100%        4
 Sticky Flame             Conj/Fire      0%         2d3       100%        4
 Agony                    Necr           0%         N/A       100%        5
 Alistair's Intoxication  Tmut/Pois      0%         N/A       100%        5
 Arcjolt                  Conj/Air       0%         1d10      100%        5
 Freezing Cloud           Conj/Ice/Air   0%         6-21      100%        5
 Lightning Bolt           Conj/Air       0%         1d11      100%        5
 Silence                  Hex/Air        0%         N/A       100%        5
 Dispersal                Tloc           0%         N/A       100%        6
 Simulacrum               Ice/Necr       0%         N/A       100%        6
 Summon Cactus Giant      Summ           0%         N/A       100%        6
 Ignition                 Fire           0%         3d3       100%        8
 Polar Vortex             Ice            0%         N/A       100%        9


Dungeon Overview and Level Annotations

Branches:
Dungeon (13/15)            Temple (1/1) D:7            Lair (5/5) D:8
  Swamp (0/4) Lair:2       Spider (0/4) Lair:3        Slime (0/5) Lair:5
    Orc (2/2) D:11            Elf (0/3) Orc:2       Ossuary (visited)
Volcano (visited)
 Vaults: D:13-14

Altars:
Ashenzari
Cheibriados
Dithmenos
Elyvilon
Fedhas
Gozag
Hepliaklqana
Kikubaaqudgha
Makhleb
Nemelex Xobeh
Okawaru
Qazlal
Ru
Sif Muna
Trog
Uskayaw
Vehumet
Wu Jian
Xom
Yredelemnul
Zin
The Shining One
Jiyva

Shops:
D:3 [   Orc:2 (

Annotations:
Orc:2 Saint Roka


Innate Abilities, Weirdness & Mutations

You are too large for most types of armour.
You have claws for hands.
Your natural rate of healing is unusually fast.
You are covered in fur. (AC +1)
You have tough skin. (AC +1)
Your mind is acute. (Int +4, Str/Dex -1)
Your magical capacity is very low. (-20% MP)
Your system is resistant to poisons. (rPois)


Message History

The orc warrior closely misses you.
You hear some strange, mumbled words.
Something tries to affect you, but you resist.
You scratch the orc knight.
The orc knight is lightly wounded.
The orc knight hits you with a +0 glaive!
The orc warrior hits you with a +0 war axe!!
Saint Roka invokes the aid of Beogh against you.
Beogh smites you!
You spin and attack the orc knight.
You scratch the orc knight but do no damage.
The orc knight is lightly wounded.
You block the orc knight's attack.
The orc warrior attacks as you move away!
You block the orc warrior's attack.
The orc knight attacks as you move away!
You block the orc knight's attack. The orc knight closely misses you.
Saint Roka mumbles some strange prayers to Beogh against you.
Beogh smites you!
Things that are here:
a +0 dagger; a +0 leather armour It was a potion of cancellation.
You feel magically purged. You block the orc knight's attack.
The orc warrior hits you with a +0 war axe.
It was a potion of ambrosia.
You are confused.
You feel invigorated.
The orc knight hits you from afar with a +0 glaive!!
* * * LOW HITPOINT WARNING * * *
The orc warrior barely misses you.
It was a potion of haste.
You feel yourself speed up.
The orc knight hits you from afar with a +0 glaive!!
* * * LOW HITPOINT WARNING * * *
The orc warrior hits you with a +0 war axe.
* * * LOW HITPOINT WARNING * * *
Saint Roka mumbles some strange prayers to Beogh against you.
Beogh smites you!
* * * LOW HITPOINT WARNING * * *
The orc warrior hits you with a +0 scimitar of holy wrath!!
You die...

##....)).[..........
##.....########.#...#
##......# #######
#...#...## #...#....##
#.........# **
##.........## **,
#.......#)..#* *,,
**##..#.@o..#..#*** **,
*∩,####.o)..####,∩* **
*,,,**#8ooo8#**,,,*
**,,,*#.o...#*,,,** *
**,,,#.o...#,,,** *
**,,........,** *
******.........#***** **
*,,8,............8,,** **,
**,,,.............,,,,***,,


You could see Saint Roka (strong), 2 orc knights and 4 orc warriors.

Vanquished Creatures
  Josephine (Orc:2)
  5 hydras
  5 catoblepae
  Erica (D:8)
  A centaur warrior (D:10)
  A boulder beetle (D:11)
  6 death yaks (Lair:5)
  A two-headed ogre (D:8)
  An orc high priest (Orc:2)
  Sonja (Lair:1)
  The ghost of KayVoo the Magician, a novice DrCA of Vehumet (D:7)
  5 orc knights
  3 orc sorcerers
  2 ugly things
  A moth of wrath (shapeshifter) (D:10)
  3 manticores
  3 black mambas
  16 elephants
  6 cane toads
  2 molten gargoyles (Volcano)
  3 unseen horrors
  4 rime drakes
  10 komodo dragons
  3 efreet
  5 trolls
  A polar bear (Lair:5)
  18 blink frogs
  Prince Ribbit (Lair:3)
  3 hornets (D:7)
  2 slime creatures (D:12)
  Sigmund (D:2)
  A culicivora (Lair:3)
  A shadow (D:12)
  A vampire (D:9)
  6 fire elementals (Volcano)
  3 wraiths
  2 wyverns
  41 yaks
  2 basilisks (shapeshifter) (D:10)
  5 basilisks
  Menkaure (D:6)
  2 steam dragons
  Edmund (D:4)
  3 redbacks (Lair:3)
  3 vampire mosquitoes (D:12)
  4 swamp worms (Lair:2)
  8 wargs
  3 acid dragons
  12 water moccasins
  2 ice beasts
  26 orc warriors
  A sky beast (D:8)
  10 centaurs
  3 black bears
  14 ogres
  5 wolves (Orc:1)
  A phantom (D:6)
  3 kobold brigands
  An elf zombie (Ossuary)
  11 bullfrogs
  A scorpion (D:5)
  A gnoll sergeant (D:9)
  14 wights
  26 killer bees
  5 howler monkeys (D:11)
  2 human zombies (Ossuary)
  A jelly (D:8)
  21 orc priests
  4 hounds
  Jessica (D:2)
  7 iguanas
  22 orc wizards
  Ijyb (D:4)
  A hound zombie (Ossuary)
  4 mummies (Ossuary)
  10 gnolls
  5 adders
  2 white imps
  2 ufetubi (D:5)
  3 dart slugs
  69 orcs
  5 ball pythons
  5 endoplasms
  5 giant cockroaches
  9 goblins
  4 hobgoblins
  24 jackals
  A quokka (D:2)
  3 bats
  6 frilled lizards
  2 goblin zombies (Ossuary)
  A hobgoblin zombie (Ossuary)
  14 kobolds
  A kobold zombie (Ossuary)
  2 orc zombies (Ossuary)
  A quokka zombie (D:7)
  8 rats
  3 rat zombies
588 creatures vanquished.

Vanquished Creatures (collateral kills)
  Lodul (D:12)
1 creature vanquished.

Vanquished Creatures (others)
  Nessos (D:12)
  A bush (Lair:4)
  9 fungi
  12 plants
23 creatures vanquished.

Grand Total: 612 creatures vanquished

Notes
Turn   | Place    | Note
-------+----------+-------------------------------------------
     0 | D:1      | night the Troll Fighter began the quest for the Orb.
     0 | D:1      | Reached XP level 1. HP: 22/22 MP: 0/0
   237 | D:1      | Reached XP level 2. HP: 29/29 MP: 1/1
   391 | D:1      | Reached XP level 3. HP: 34/36 MP: 2/2
   494 | D:1      | Reached skill level 3 in Unarmed Combat
   849 | D:2      | Noticed Sigmund
   854 | D:2      | Noticed Jessica
   858 | D:2      | Killed Sigmund
   859 | D:2      | Reached skill level 4 in Unarmed Combat
   859 | D:2      | Reached XP level 4. HP: 45/45 MP: 3/3
   859 | D:2      | Reached XP level 5. HP: 53/53 MP: 4/4
   867 | D:2      | Killed Jessica
   949 | D:2      | Identified the ring of Light {Fly Will+ Int+2}
  1318 | D:3      | Reached XP level 6. HP: 61/61 MP: 5/5
  1637 | D:3      | Found Kaikling's Armour Emporium.
  1666 | D:3      | Reached skill level 5 in Unarmed Combat
  1835 | D:3      | Found a glowing silver altar of Zin.
  1835 | D:3      | Noticed an angel
  2113 | D:4      | Noticed Ijyb
  2128 | D:4      | Killed Ijyb
  2129 | D:4      | Reached XP level 7. HP: 16/68 MP: 6/6
  2498 | D:4      | Identified 2 scrolls of acquirement
  2505 | D:4      | Acquired the amulet "Yleisyg" {Reflect Int-3 Dex+5 SH+5}
  2514 | D:4      | Acquired the +3 kite shield "Omonegor" {rElec}
  2558 | D:4      | Reached skill level 6 in Unarmed Combat
  2620 | D:4      | Noticed Edmund
  2629 | D:4      | Killed Edmund
  2924 | D:5      | Entered Level 5 of the Dungeon
  3010 | D:5      | Identified the ring of the Visionary {Fire rN++ Will+ MP+9
                  | Str-3}
  3245 | D:5      | Reached skill level 5 in Shields
  3245 | D:5      | Reached XP level 8. HP: 79/79 MP: 7/7
  3284 | D:5      | Reached skill level 7 in Unarmed Combat
  3743 | D:6      | Reached skill level 5 in Fighting
  3817 | D:6      | Reached skill level 8 in Unarmed Combat
  3904 | D:6      | Noticed Menkaure
  3914 | D:6      | Killed Menkaure
  3915 | D:6      | Reached XP level 9. HP: 48/88 MP: 8/8
  4292 | D:7      | Reached skill level 9 in Unarmed Combat
  4310 | D:7      | Found a staircase to the Ecumenical Temple.
  4351 | Temple   | Entered the Ecumenical Temple
  4472 | Temple   | Became a worshipper of the Wu Jian Council
  4521 | D:7      | Found a sand-covered staircase.
  4529 | Ossuary  | Entered an ossuary
  4824 | D:7      | Reached * piety under Wu Jian
  4937 | D:7      | Found a transporter.
  4942 | D:7      | Found a transporter.
  4942 | D:7      | Noticed KayVoo's ghost (novice DrCA)
  4947 | D:7      | Gained mutation: Your magical capacity is low. (-10% MP)
                  | [potion of mutation]
  4947 | D:7      | Gained mutation: Your mind is acute. (Int +4, Str/Dex -1)
                  | [potion of mutation]
  4947 | D:7      | Gained mutation: Your system is resistant to poisons.
                  | (rPois) [potion of mutation]
  4971 | D:7      | Killed KayVoo's ghost
  4972 | D:7      | Reached skill level 10 in Unarmed Combat
  4984 | D:7      | Reached XP level 10. HP: 78/100 MP: 8/8
  5119 | D:7      | Found a blossoming altar of Fedhas.
  5314 | D:7      | Reached ** piety under Wu Jian
  5493 | D:8      | Noticed a two-headed ogre
  5508 | D:8      | Killed a two-headed ogre
  5509 | D:8      | Reached skill level 11 in Unarmed Combat
  5618 | D:8      | Found a radiant altar of Vehumet.
  6012 | D:8      | Found a staircase to the Lair.
  6087 | D:8      | Noticed Erica
  6101 | D:8      | Killed Erica
  6102 | D:8      | Reached skill level 12 in Unarmed Combat
  6107 | D:8      | Reached *** piety under Wu Jian
  6269 | D:9      | Found a sacrificial altar of Ru.
  6475 | D:9      | Reached XP level 11. HP: 109/109 MP: 8/8
  7019 | D:10     | Entered Level 10 of the Dungeon
  7153 | D:10     | Noticed a centaur warrior
  7163 | D:10     | Killed a centaur warrior
  7219 | D:10     | Noticed a death drake
  7245 | D:10     | a death drake changed into a steelbarb worm
  7245 | D:10     | Noticed a steelbarb worm (shapeshifter)
  7246 | D:10     | a steelbarb worm changed into a moth of wrath
  7258 | D:10     | Reached **** piety under Wu Jian
  7327 | D:10     | Reached skill level 13 in Unarmed Combat
  7880 | D:11     | Noticed a catoblepas
  7897 | D:11     | Killed a catoblepas
  7949 | D:11     | Noticed a purple ugly thing
  7965 | D:11     | Killed a purple ugly thing
  7973 | D:11     | Noticed a boulder beetle
  7974 | D:11     | Found a broken altar of Ashenzari.
  7992 | D:11     | Killed a boulder beetle
  8110 | D:11     | Found a staircase to the Orcish Mines.
  8259 | D:12     | Noticed Lodul
  8267 | D:12     | Killed Lodul
  8268 | D:12     | Reached skill level 14 in Unarmed Combat
  8268 | D:12     | Reached XP level 12. HP: 71/122 MP: 9/9
  8658 | D:12     | Noticed Nessos
  8664 | D:12     | Killed Nessos
  8734 | D:12     | Reached skill level 10 in Shields
  8977 | D:13     | Noticed a boulder beetle
  8977 | D:13     | Noticed a centaur warrior
  8977 | D:13     | Noticed a four-headed hydra
  8978 | D:13     | Noticed a centaur warrior
  9072 | Lair:1   | Entered Level 1 of the Lair of Beasts
  9386 | Lair:1   | Reached skill level 15 in Unarmed Combat
  9409 | Lair:1   | Noticed Sonja
  9420 | Lair:1   | Killed Sonja
 10449 | Lair:2   | Found a dark tunnel.
 10460 | Volcano  | Entered a volcano
 10825 | Lair:2   | Noticed a seven-headed hydra
 10827 | Lair:2   | Noticed a five-headed hydra
 10839 | Lair:2   | Noticed a four-headed hydra
 10842 | Lair:2   | Killed a one-headed hydra
 10843 | Lair:2   | Reached XP level 13. HP: 99/133 MP: 10/10
 11040 | Lair:2   | Reached skill level 10 in Fighting
 11520 | Lair:2   | Found a staircase to the Swamp.
 11590 | Lair:2   | Reached ***** piety under Wu Jian
 11870 | Lair:3   | Found a hole to the Spider Nest.
 11879 | Lair:3   | Reached skill level 16 in Unarmed Combat
 11903 | Lair:3   | Noticed Prince Ribbit
 11938 | Lair:3   | Killed Prince Ribbit
 13543 | Lair:5   | Entered Level 5 of the Lair of Beasts
 13691 | Lair:5   | Reached skill level 17 in Unarmed Combat
 13907 | Lair:5   | Found a viscous altar of Jiyva.
 13907 | Lair:5   | Found a staircase to the Slime Pits.
 13953 | Lair:5   | Reached XP level 14. HP: 79/144 MP: 11/11
 14299 | Lair:5   | Reached skill level 12 in Shields
 14563 | Lair:5   | Reached ****** piety under Wu Jian
 14653 | Lair:5   | Identified the ring "Xeosoh" {MP+9 Str+3}
 15017 | Orc:1    | Entered Level 1 of the Orcish Mines
 15323 | Orc:1    | Reached skill level 18 in Unarmed Combat
 15639 | Orc:2    | Entered Level 2 of the Orcish Mines
 15820 | Orc:2    | Found Fiteib's Weapon Emporium.
 15843 | Orc:2    | Gained mutation: Your magical capacity is very low. (-20%
                  | MP) [a neqoxec]
 16060 | Orc:2    | Noticed Josephine
 16071 | Orc:2    | Killed Josephine
 16129 | Orc:2    | Found a staircase to the Elven Halls.
 16168 | Orc:2    | Noticed Saint Roka
 16339 | Orc:2    | HP: 19/144 [orc warrior/+0 war axe[Saint Roka] (3)]
 16339 | Orc:2    | HP: 7/144 [Saint Roka/divine providence (12)]
 16339 | Orc:2    | Demolished by an orc warrior

Illustrated notes

Levels and vault maps discovered:
D:1:      nicolae_arrival_memento_mori, layout_basic
D:2:      layout_rooms, minmay_misc_feat_secret_circle, hangedman_decor_push,
          minmay_pentomino_p2, uniq_jessica, uniq_sigmund
D:3:      layout_rooms, zin_angel, serial_shops, nicolae_shop_hallway_stairs
D:4:      layout_loops_corners, uniq_ijyb, uniq_edmund
D:5:      layout_gridville
D:6:      layout_cave_pools, uniq_menkaure
D:7:      layout_rooms, old_standard_altar, temple_hall, gammafunk_ghost_hive,
          serial_curves, eino_curves_02, eino_curves_04, enter_ossuary_4,
          kennysheep_generic_room_16
D:8:      minmay_recursive_quarters, layout_basic, nicolae_vehumet_altar_sigil,
          uniq_erica
D:9:      layout_loops_ring, nicolae_overflow_crystal_walls
D:10:     layout_basic, kb_rosetta
D:11:     layout_gridville, orc_0_dummy, ashenzari_altar_1
D:12:     layout_loops_ring, uniq_nessos, uniq_lodul
D:13:     minmay_s_stair_smasher, layout_basic,
          hangedman_vaults_entry_quadrant_bands, serial_shops,
          nicolae_shop_hallway_plus, minivault_25_ag, uniq_maurice, uniq_snorg,
          uniq_frances
Temple:   mainiacjoe_temple_coin_purse
Lair:1:   layout_layer_cave, lemuel_fruit_tree, uniq_sonja
Lair:2:   layout_regular_city, palyth_hydra_swamp_entry,
          nicolae_volcano_entry_two_sided, eino_small_chamber_without_monster,
          minivault_19, small_statue_intersection
Lair:3:   layout_regular_city, spider_nest_entry_funnel_web, uniq_prince_ribbit2
Lair:4:   layout_hall_layers, patterned_corridor, serial_bayou_shore_b
Lair:5:   evilmike_catoblepas_cave, layout_hall_layers, slime_entry_1
Orc:1:    layout_caves, mines5_lemuel
Orc:2:    grunt_orc_cross, layout_caves, serial_shops,
          nicolae_shop_bloodbath_and_beyond, uniq_josephine, uniq_saint_roka

Skill      XL: |  1  2  3  4  5  6  7  8  9 10 11 12 13 14 |
---------------+-------------------------------------------+-----
Shields        | 3 4 5 6 7 8 9 10 11 12 | 12.6
Unarmed Combat | 4 5 6 8 10 12 14 15 17 18 | 18.5
Fighting       | 3 4 5 6 7 8 9 10 11 | 11.6
Dodging        | |  2.4

Action                   |  1- 3 |  4- 6 |  7- 9 | 10-12 | 13-15 || total
-------------------------+-------+-------+-------+-------+-------++-------
Melee: Unarmed           |    80 |   135 |   321 |   657 |   760 ||  1953
       Demon blade       |       |       |       |     7 |    36 ||    43
Throw: Dart              |       |     2 |     1 |       |       ||     3
       Large rock        |       |       |     1 |       |       ||     1
Invok: Lunge             |       |       |     4 |    48 |    43 ||    95
       Whirlwind         |       |       |       |    26 |    72 ||    98
       Serpent's Lash    |       |       |       |     2 |     2 ||     4
 Abil: Wall Jump         |       |       |       |     1 |     2 ||     3
Evoke: Wand              |       |       |       |     9 |     6 ||    15
  Use: Potion            |     1 |       |     4 |     1 |     3 ||     9
       Scroll            |       |       |    16 |     4 |     9 ||    29
 Stab: Invisible         |       |       |     6 |       |       ||     6
       Petrified         |       |       |       |     3 |       ||     3
       Distracted        |       |       |       |     1 |     1 ||     2
       Sleeping          |       |       |       |       |     1 ||     1
Armor: Robe              |    30 |    39 |    58 |   106 |    61 ||   294
       Troll leather arm |       |       |       |       |    16 ||    16
Dodge: Dodged            |    34 |    33 |   115 |   121 |   177 ||   480
Block: Kite shield       |    31 |    34 |   261 |   457 |   606 ||  1389
       Reflection        |       |       |    10 |    24 |    14 ||    48

Table legend: (Time is in decaauts)
 A = Elapsed time spent in this place.
 B = Non-inter-level travel time spent in this place.
 C = Inter-level travel time spent in this place.
 D = Time resting spent in this place.
 E = Time spent auto-exploring this place.
 F = Levels seen in this place.
 G = Mean time per level.
                   A        B        C        D        E       F      G
               +--------+--------+--------+--------+--------+-----+--------+
         Total |  16145 |  15262 |    883 |    495 |  10556 |  23 |  702.0 |
       Dungeon |   8945 |   8439 |    506 |    143 |   5989 |  13 |  688.1 |
        Temple |    133 |    117 |     16 |      0 |    102 |   1 |  133.0 |
          Lair |   5568 |   5263 |    305 |    200 |   3956 |   5 | 1113.6 |
  Orcish Mines |   1124 |   1068 |     56 |    129 |    423 |   2 |  562.0 |
       Ossuary |    191 |    191 |      0 |      0 |     86 |   1 |  191.0 |
       Volcano |    182 |    182 |      0 |     22 |      0 |   1 |  182.0 |
               +--------+--------+--------+--------+--------+-----+--------+

Top non-repeatable levels by time:
  Lair:1: 1314 daAuts
  Lair:2: 1299 daAuts
  Lair:5: 1280 daAuts
     D:4: 1061 daAuts
  Lair:3: 987 daAuts
     D:7: 858 daAuts
     D:9: 854 daAuts
     D:1: 832 daAuts
     D:5: 803 daAuts
    D:10: 802 daAuts
    D:12: 795 daAuts
     D:8: 758 daAuts
  Lair:4: 686 daAuts
   Orc:1: 620 daAuts
    D:11: 592 daAuts
